 Dungeon Crawl Stone Soup version 0.17.0-24-gcfadda4 (webtiles) character file.

7032 oplop the Grappler (level 11, -6/74 HPs)
             Began as an Octopode Transmuter on Nov 17, 2015.
             Was a Believer of Cheibriados.
             Killed from afar by a lava snake (17 damage)
             ... with a glob of lava
             ... on level 10 of the Dungeon.
             The game lasted 00:25:31 (12971 turns).

oplop the Grappler (Octopode Transmuter)           Turns: 12971, Time: 00:25:31

Health: -6/74      AC:  2    Str: 20    XL:     11   Next: 8%
Magic:  16/20      EV: 27    Int: 21    God:    Cheibriados [**....]
Gold:   502        SH:  0    Dex: 22    Spells: 4 memorised, 12 levels left

rFire  . . .     SeeInvis .       - Unarmed
rCold  . . .     Clarity  .     (shield currently unavailable)
rNeg   . . .     SustAt   .     (helmet currently unavailable)
rPois  x         Gourm    .     (no amulet)
rElec  .         Spirit   .     s - +2 ring of strength
rCorr  .         Warding  .     K - +1 ring of slaying
rMut   .         Stasis   .     (no ring)
MR     .....                    (no ring)
Stlth  ++........               (no ring)
                                (no ring)
                                (no ring)
                                (no ring)

@: about to teleport, spider-form, very slow, not resistant to hostile
enchantments, unstealthy
A: almost no armour, amphibious, 8 rings, (constrict 8), rugged brown scales 1,
(camouflage 0), (gelatinous body 0)
a: End Transformation, Bend Time, Renounce Religion


You were on level 10 of the Dungeon.
You worshipped Cheibriados.
Cheibriados was pleased with you.
You were not hungry.
You were a venomous arachnid creature.
You visited 2 branches of the dungeon, and saw 11 of its levels.

You collected 502 gold pieces.

Inventory:

Hand Weapons
 d - a +1 dagger of venom
 j - a +1 short sword of venom
Missiles
 a - 167 arrows
 g - 3 poisoned arrows
 k - 14 arrows of frost
Magical Staves
 t - an uncursed staff of poison
Jewellery
 r - an uncursed ring of teleportation
 s - a +2 ring of strength (left front leg)
 K - a +1 ring of slaying (right front leg)
Wands
 p - a wand of draining (2)
 w - a wand of fireball (5)
Scrolls
 e - 6 scrolls of remove curse
 l - 4 scrolls of identify
 n - 4 scrolls of teleportation
 o - 2 scrolls of noise
 u - a scroll of enchant weapon {unknown}
 x - 3 scrolls of recharging
 y - a scroll of fear {unknown}
 C - a scroll of holy word {unknown}
 F - a scroll of blinking
 H - a scroll of amnesia {unknown}
 I - a scroll of fog {unknown}
 L - 2 scrolls of brand weapon {unknown}
 O - a scroll of random uselessness {unknown}
Potions
 f - 2 potions of agility
 h - 9 potions of curing
 i - 6 potions of heal wounds {unknown}
 m - 2 potions of magic {unknown}
 v - a potion of brilliance {unknown}
 z - a potion of flight {unknown}
 A - 2 potions of berserk rage {unknown}
 B - a potion of experience {unknown}
 G - a potion of might
 J - a potion of poison {unknown}
Books
 b - a book of Changes

   Spells                             Type                      Level
   a - Beastly Appendage              Transmutation                1
   b - Sticks to Snakes               Transmutation                2
   c - Spider Form                    Transmutation/Poison         3
   d - Ice Form                       Ice/Transmutation            4
   e - Blade Hands                    Transmutation                5
 M - a book of Summonings

   Spells                             Type                      Level
   a - Recall                         Summoning/Translocation      3
   b - Aura of Abjuration             Summoning                    5
   c - Shadow Creatures               Summoning                    5
   d - Summon Demon                   Summoning                    5
   e - Summon Forest                  Summoning/Translocation      5
   f - Summon Mana Viper              Hexes/Summoning              5
Comestibles
 c - 6 bread rations
 q - 6 meat rations
 D - 13 fruits
 E - 7 slices of pizza


   Skills:
 + Level 6.1 Fighting
 + Level 6.1 Dodging
 + Level 8.3 Unarmed Combat
 - Level 6.0 Spellcasting
 + Level 7.9 Transmutations
 - Level 4.6 Ice Magic
 - Level 2.0 Poison Magic
 * Level 5.1 Invocations


You had 12 spell levels left.
You knew the following spells:

 Your Spells              Type           Power        Failure   Level  Hunger
a - Beastly Appendage     Trmt           #####.       3%          1    None
b - Sticks to Snakes      Trmt           #####.....   4%          2    None
c - Spider Form           Trmt/Pois      ####......   12%         3    ##.....
d - Ice Form              Ice/Trmt       ####....     24%         4    ####...


Dungeon Overview and Level Annotations

Branches:
Dungeon (10/15)            Temple (1/1) D:4            Lair (0/8) D:8
    Orc (0/4) D:9

Altars:
Ashenzari
Cheibriados
Dithmenos
Elyvilon
Fedhas
Gozag
Kikubaaqudgha
Makhleb
Nemelex Xobeh
Okawaru
Qazlal
Ru
Sif Muna
Trog
Vehumet
Xom
Yredelemnul
Zin
The Shining One

Shops:
D:9 (

Annotations:
D:8 exclusion: hydra


Innate Abilities, Weirdness & Mutations

You cannot wear most types of armour.
You are amphibious.
You can wear up to eight rings at the same time.
((You can use your tentacles to constrict eight enemies at once.))
((Your skin changes colour to match your surroundings (Stealth).))
((Your rubbery body absorbs attacks (AC +1).))
(You are partially covered in rugged brown scales (AC +1, +3% HP).)


Message History

As you read the scroll of teleportation, it crumbles to dust.
You feel strangely unstable. The lava snake closely misses you.
Unknown command.
Unknown command.
You closely miss the lava snake. The lava snake barely misses you.
Unknown command.
You hit the lava snake.
The lava snake is poisoned.
The lava snake is lightly wounded.
The lava snake spits lava at you. The glob of lava misses you.
The fire dragon breathes flames at you. The blast of flame hits you!
Ouch! That really hurt!
* * * LOW HITPOINT WARNING * * *
You hear an angry hiss.
You miss the lava snake.
The lava snake is lightly wounded.
The lava snake spits lava at you. The glob of lava hits you!
You die...

....# .#### ≈≈≈ .##
######≈≈§ ..#
####...≈≈≈≈≈ #.######
##.......≈≈≈§
#......#####........≈≈≈≈
######....†........≈≈≈§≈
#####.........≈≈≈≈$
###....s.§D§..$
##....S≈§.(..
###..≈§§≈... ####≈§§###
####


You could see a fire dragon and a lava snake.

Vanquished Creatures
  A hill giant (D:7)
  Pikel (D:7)
  Psyche (D:8)
  A wraith (D:8)
  8 yaks
  2 hippogriffs
  A necrophage (D:10)
  A phantom (D:6)
  An orc warrior (D:9)
  3 ice beasts
  2 ogres
  2 slaves (D:7)
  3 centaurs
  A sky beast (D:9)
  3 big kobolds
  2 giant frogs
  5 scorpions
  A water moccasin skeleton (D:4)
  A wyvern skeleton (D:10)
  4 killer bees (D:10)
  A troll zombie (D:8)
  11 wights
  5 crimson imps
  4 hounds
  4 human zombies (D:8)
  A centaur zombie (D:6)
  2 orc priests
  Crazy Yiuf (D:7)
  3 centaur skeletons
  A giant frog skeleton (D:4)
  8 iguanas
  5 jellies
  An orc wizard (D:4)
  A human skeleton (D:8)
  6 worker ants
  2 sheep (D:8)
  A hound skeleton (D:5)
  3 mummies (D:8)
  A worker ant zombie (D:8)
  7 adders
  7 gnolls
  2 shadow imps
  4 worms
  27 orcs
  12 bats
  6 giant cockroaches
  5 goblins
  5 hobgoblins
  10 jackals
  2 quokkas
  A ball python (D:6)
  A giant gecko skeleton (D:4)
  5 giant newts
  A jackal skeleton (D:4)
  14 kobolds
  2 quokka skeletons
  A quokka zombie (D:8)
  8 rats
225 creatures vanquished.

Vanquished Creatures (collateral kills)
  Terence (D:2)
1 creature vanquished.

Grand Total: 226 creatures vanquished

Notes
Turn   | Place    | Note
--------------------------------------------------------------
     0 | D:1      | oplop the Octopode Transmuter began the quest for the Orb.
     0 | D:1      | Reached XP level 1. HP: 13/13 MP: 3/3
   207 | D:1      | Reached XP level 2. HP: 12/18 MP: 3/5
   861 | D:2      | Noticed Terence
   865 | D:2      | Learned a level 2 spell: Sticks to Snakes
   896 | D:2      | Killed Terence
   896 | D:2      | Reached XP level 3. HP: 5/24 MP: 1/6
   988 | D:2      | Found a faded altar to an unknown god.
  1010 | D:2      | HP: 1/24 [jackal (1)]
  1742 | D:2      | Reached XP level 4. HP: 12/29 MP: 5/7
  2018 | D:2      | Learned a level 3 spell: Spider Form
  2375 | D:2      | Reached skill level 1 in Poison Magic
  2458 | D:3      | Found a glowing golden altar of the Shining One.
  2506 | D:3      | Reached XP level 5. HP: 35/35 MP: 6/8
  2811 | D:3      | Found a glowing silver altar of Zin.
  2877 | D:3      | Reached skill level 4 in Unarmed Combat
  2949 | D:3      | Found a bloodstained altar of Trog.
  3190 | D:3      | Found an opulent altar of Gozag.
  3429 | D:4      | Found a blossoming altar of Fedhas.
  3450 | D:4      | Found a white marble altar of Elyvilon.
  3465 | D:4      | Reached XP level 6. HP: 17/41 MP: 8/10
  3750 | D:4      | Found a staircase to the Ecumenical Temple.
  4229 | D:4      | Gained mutation: You are partially covered in rugged brown scales (AC +1, +3% HP). [potion of beneficial mutation]
  4261 | D:4      | Found a shattered altar of Ashenzari.
  4408 | D:5      | Entered Level 5 of the Dungeon
  4521 | D:5      | Found a radiant altar of Vehumet.
  4521 | D:5      | Found a burning altar of Makhleb.
  4571 | D:5      | Reached XP level 7. HP: 32/47 MP: 7/12
  6051 | D:6      | Got a fine mace
  6052 | D:6      | Identified the cursed +0 mace "Joacvujyid" {crush, rC+ Dex+2} (You found it on level 6 of the Dungeon)
  6164 | D:6      | Reached skill level 5 in Unarmed Combat
  6531 | D:6      | Reached XP level 8. HP: 31/55 MP: 14/14
  6885 | D:7      | Noticed a hill giant
  7179 | D:6      | Learned a level 4 spell: Ice Form
  7362 | D:7      | Reached skill level 5 in Transmutations
  7529 | D:7      | HP: 1/55 [hill giant/giant club (31)]
  7555 | D:7      | Killed a hill giant
  7555 | D:7      | Reached skill level 6 in Unarmed Combat
  7886 | D:7      | Reached skill level 5 in Spellcasting
  7886 | D:7      | Reached XP level 9. HP: 60/60 MP: 12/16
  9276 | D:8      | Reached skill level 7 in Unarmed Combat
  9320 | D:8      | Noticed a three-headed hydra
  9688 | D:8      | Found a basalt altar of Yredelemnul.
  9825 | D:8      | Reached XP level 10. HP: 59/66 MP: 18/18
  9846 | D:8      | Noticed Psyche
  9877 | D:8      | Killed Psyche
  9877 | D:8      | Reached skill level 5 in Dodging
  9957 | D:8      | Found a staircase to the Lair.
 10515 | Temple   | Entered the Ecumenical Temple
 10615 | Temple   | Became a worshipper of Cheibriados the Contemplative
 10728 | D:6      | Reached skill level 5 in Fighting
 10854 | D:7      | Reached skill level 1 in Invocations
 11067 | D:7      | Noticed Pikel
 11073 | D:7      | Killed Pikel
 11104 | D:7      | Noticed Crazy Yiuf
 11108 | D:7      | Killed Crazy Yiuf
 11204 | D:9      | Found a shadowy altar of Dithmenos.
 11222 | D:9      | Found a sparkling altar of Nemelex Xobeh.
 11223 | D:9      | Found a bloodstained altar of Trog.
 11223 | D:9      | Found a sacrificial altar of Ru.
 11227 | D:9      | Found an ancient bone altar of Kikubaaqudgha.
 11298 | D:9      | Found a deep blue altar of Sif Muna.
 11316 | D:9      | Found a staircase to the Orcish Mines.
 11370 | D:9      | Found Koischue's Antique Weapon Emporium.
 11382 | D:9      | Reached * piety under Cheibriados
 12082 | D:10     | Entered Level 10 of the Dungeon
 12515 | D:10     | Reached ** piety under Cheibriados
 12683 | D:10     | Reached skill level 8 in Unarmed Combat
 12854 | D:10     | Reached XP level 11. HP: 68/74 MP: 17/20
 12909 | D:10     | Reached skill level 5 in Invocations
 12966 | D:10     | Noticed a fire dragon
 12971 | D:10     | Killed from afar by a lava snake

Action                   |  1- 3 |  4- 6 |  7- 9 | 10-12 || total
-------------------------+-------+-------+-------+-------++-------
Melee: Unarmed           |    77 |    27 |   169 |   232 ||   505
       Short sword       |     8 |   100 |    44 |       ||   152
       Dagger            |       |       |    46 |       ||    46
 Cast: Beastly Appendage |    18 |    26 |    28 |    13 ||    85
       Sticks to Snakes  |     3 |       |     3 |       ||     6
       Spider Form       |       |     5 |    11 |     6 ||    22
       Ice Form          |       |       |     5 |    17 ||    22
Evoke: Wand              |       |       |     3 |     3 ||     6
  Use: Scroll            |       |     9 |     2 |     2 ||    13
       Potion            |       |     1 |       |       ||     1
 Stab: Sleeping          |       |     4 |     6 |     1 ||    11
  Eat: Chunk             |     3 |    10 |     9 |     8 ||    30
       Beef jerky        |       |       |     2 |     1 ||     3
       Meat ration       |       |       |     1 |       ||     1
       Pizza             |       |       |     1 |       ||     1
       Royal jelly       |       |       |       |     1 ||     1
